[ PARTIDA AOE2 · #472332654 ]
Team RMTurcos vs Cumans
[ ANÁLISIS DE REPETICIÓN · EXTRAÍDO DE LA PARTIDA GRABADA ]
Feudal
11:55
Castillos
—
Imperial
—
| APM promedio | 16.5 |
| APM pico | 66 |
| eAPM promedio | 6.0 |
| Aldeanos / militares | 20 / 8 |
Foco
⚔️ 16.8% · 🌾 83.2%
Scout Cavalry ×8
Feudal
19:28
Castillos
—
Imperial
—
| APM promedio | 9.7 |
| APM pico | 26 |
| eAPM promedio | 6.8 |
| Aldeanos / militares | 35 / 15 |
Foco
⚔️ 19.3% · 🌾 80.7%
Militia ×15
Feudal
—
Castillos
—
Imperial
—
| APM promedio | 7.3 |
| APM pico | 32 |
| eAPM promedio | 2.5 |
| Aldeanos / militares | 18 / 0 |
Foco
⚔️ 0.0% · 🌾 100.0%
Feudal
—
Castillos
—
Imperial
—
| APM promedio | 0.1 |
| APM pico | 2 |
| eAPM promedio | 0.1 |
| Aldeanos / militares | 0 / 0 |
Mapa de la partida
Recursos al inicio + cada clic de construcción. Línea gruesa = muro · recuadro discontinuo = muro de casas detectado. 🟡 oro · ⚪ piedra · 🟢 bayas · 🔶 jabalí · ⭕ reliquia
Tu base· Abierta — flanco sin cerrar
Base de Brux· Abierta — flanco sin cerrar
Base de Will Rossi· Abierta — flanco sin cerrar
Base de bruno0923· Abierta — flanco sin cerrar
Terreno con relieve · ⚠ = hueco de muro detectado · pasá el cursor para detalles
Inputs por minuto
— HulkHoden - - Brux
Build order — HulkHoden
51 acciones detectadas en el replay
| 0:01 | Crear | Villager (Male) |
| 0:01 | Crear | Villager (Male) |
| 0:04 | Construir | House |
| 0:07 | Construir | House |
| 0:49 | Crear | Villager (Male) |
| 0:50 | Crear | Villager (Male) |
| 1:28 | Crear | Villager (Male) |
| 2:07 | Construir | Lumber Camp |
| 2:14 | Crear | Villager (Male) |
| 2:14 | Crear | Villager (Male) |
| 2:39 | Crear | Villager (Male) |
| 3:06 | Crear | Villager (Male) |
| 3:07 | Crear | Villager (Male) |
| 3:35 | Construir | House |
| 4:25 | Crear | Villager (Male) |
| 4:25 | Crear | Villager (Male) |
| 5:15 | Construir | Mill |
| 5:34 | Crear | Villager (Male) |
| 5:52 | Construir | House |
| 6:28 | Crear | Villager (Male) |
| 6:28 | Crear | Villager (Male) |
| 7:18 | Crear | Villager (Male) |
| 7:35 | Construir | House |
| 7:42 | Crear | Villager (Male) |
| 7:52 | Construir | Mining Camp |
| 8:21 | Crear | Villager (Male) |
| 8:23 | Crear | Villager (Male) |
| 8:24 | Crear | Villager (Male) |
| 9:45 | Investigar | Feudal Age |
| 10:18 | Construir | Barracks |
| 11:55 | Edad | Edad Feudal |
| 12:18 | Construir | Farm |
| 12:27 | Construir | Stable |
| 12:34 | Construir | Farm |
| 12:40 | Construir | Farm |
| 12:44 | Construir | Farm |
| 12:49 | Construir | Farm |
| 13:01 | Construir | House |
| 13:03 | Construir | House |
| 13:34 | Crear | Scout Cavalry |
| 13:39 | Crear | Scout Cavalry |
| 13:39 | Crear | Scout Cavalry |
| 13:42 | Crear | Scout Cavalry |
| 13:42 | Crear | Scout Cavalry |
| 13:43 | Crear | Scout Cavalry |
| 13:43 | Crear | Scout Cavalry |
| 13:43 | Crear | Scout Cavalry |
| 15:10 | Construir | Stable |
| 16:20 | Investigar | Loom |
| 16:26 | Investigar | Wheelbarrow |
| 17:07 | Construir | Watch Tower |
Build order — Brux
94 acciones detectadas en el replay
| 0:08 | Construir | House |
| 0:09 | Construir | House |
| 0:16 | Crear | Villager (Male) |
| 0:16 | Crear | Villager (Male) |
| 0:17 | Crear | Villager (Male) |
| 0:17 | Crear | Villager (Male) |
| 0:17 | Crear | Villager (Male) |
| 2:02 | Crear | Villager (Male) |
| 3:05 | Crear | Villager (Male) |
| 3:05 | Crear | Villager (Male) |
| 3:05 | Crear | Villager (Male) |
| 3:14 | Construir | Lumber Camp |
| 3:17 | Crear | Villager (Male) |
| 4:29 | Crear | Villager (Male) |
| 4:29 | Crear | Villager (Male) |
| 4:30 | Crear | Villager (Male) |
| 5:28 | Construir | House |
| 5:29 | Construir | House |
| 5:54 | Crear | Villager (Male) |
| 5:55 | Crear | Villager (Male) |
| 5:55 | Crear | Villager (Male) |
| 5:55 | Crear | Villager (Male) |
| 6:28 | Crear | Villager (Male) |
| 6:28 | Crear | Villager (Male) |
| 6:30 | Crear | Villager (Male) |
| 6:54 | Construir | House |
| 6:59 | Construir | House |
| 7:12 | Crear | Villager (Male) |
| 7:25 | Crear | Villager (Male) |
| 7:29 | Crear | Villager (Male) |
| 7:39 | Crear | Villager (Male) |
| 7:49 | Crear | Villager (Male) |
| 7:51 | Crear | Villager (Male) |
| 8:01 | Crear | Villager (Male) |
| 8:01 | Crear | Villager (Male) |
| 8:01 | Crear | Villager (Male) |
| 8:52 | Construir | Mill |
| 8:59 | Crear | Villager (Male) |
| 8:59 | Crear | Villager (Male) |
| 9:00 | Crear | Villager (Male) |
| 9:00 | Crear | Villager (Male) |
| 9:58 | Construir | Barracks |
| 10:17 | Construir | Mining Camp |
| 10:44 | Crear | Militia |
| 10:44 | Crear | Militia |
| 10:45 | Crear | Militia |
| 11:05 | Crear | Militia |
| 11:31 | Construir | Barracks |
| 11:40 | Crear | Villager (Male) |
| 11:40 | Crear | Villager (Male) |
| 11:52 | Crear | Militia |
| 12:07 | Crear | Militia |
| 12:32 | Construir | House |
| 12:33 | Construir | House |
| 12:34 | Construir | House |
| 12:35 | Construir | House |
| 12:36 | Construir | House |
| 12:37 | Construir | House |
| 12:38 | Construir | House |
| 12:39 | Construir | House |
| 12:40 | Construir | House |
| 12:49 | Crear | Militia |
| 13:57 | Crear | Militia |
| 13:57 | Crear | Militia |
| 13:58 | Crear | Militia |
| 13:58 | Crear | Militia |
| 13:58 | Crear | Militia |
| 14:22 | Construir | Mill |
| 15:02 | Construir | Farm |
| 15:03 | Construir | Farm |
| 15:04 | Construir | Farm |
| 15:06 | Construir | Farm |
| 15:07 | Construir | Farm |
| 15:08 | Construir | Farm |
| 15:10 | Construir | Farm |
| 15:11 | Construir | Farm |
| 15:16 | Construir | Farm |
| 15:17 | Construir | Farm |
| 15:18 | Construir | Farm |
| 15:20 | Construir | Farm |
| 15:21 | Construir | Farm |
| 15:22 | Construir | Farm |
| 15:23 | Construir | Farm |
| 15:30 | Crear | Militia |
| 15:30 | Crear | Militia |
| 15:30 | Crear | Militia |
| 16:07 | Construir | Farm |
| 17:19 | Investigar | Feudal Age |
| 19:04 | Construir | Barracks |
| 19:04 | Construir | Barracks |
| 19:05 | Construir | Barracks |
| 19:28 | Edad | Edad Feudal |
| 19:30 | Investigar | Man-at-Arms (upgrade) |
| 19:33 | Investigar | Arson |
Build order — Will Rossi
25 acciones detectadas en el replay
| 0:13 | Construir | House |
| 0:15 | Construir | House |
| 0:19 | Crear | Villager (Male) |
| 0:19 | Crear | Villager (Male) |
| 0:19 | Crear | Villager (Male) |
| 0:20 | Crear | Villager (Male) |
| 0:20 | Crear | Villager (Male) |
| 2:07 | Construir | Lumber Camp |
| 2:08 | Crear | Villager (Male) |
| 2:24 | Crear | Villager (Male) |
| 2:55 | Crear | Villager (Male) |
| 3:11 | Construir | House |
| 3:13 | Construir | House |
| 3:20 | Crear | Villager (Male) |
| 3:45 | Crear | Villager (Male) |
| 3:57 | Crear | Villager (Male) |
| 4:12 | Crear | Villager (Male) |
| 4:43 | Crear | Villager (Male) |
| 5:18 | Crear | Villager (Male) |
| 6:01 | Crear | Villager (Male) |
| 6:27 | Crear | Villager (Male) |
| 6:53 | Crear | Villager (Male) |
| 7:04 | Construir | Mill |
| 7:16 | Crear | Villager (Male) |
| 8:21 | Investigar | Feudal Age |
Build order — bruno0923
0 acciones detectadas en el replay
Cronología de la partida
| 9:03 | Will Rossi · resign |
| 9:58 | Brux · first_building Barracks |
| 10:18 | HulkHoden · first_building Barracks |
| 11:55 | HulkHoden · age_up feudal |
| 12:27 | HulkHoden · first_building Stable |
| 19:28 | Brux · age_up feudal |
[ ANÁLISIS IA · 1 CRÉDITO ]
¿Qué pasó realmente en esta partida?
Wolo.gg analiza cada decisión: build order, eco, micro, errores típicos por bracket. Análisis personalizado por WhatsApp o Discord en 30 segundos.
Guía civ
Turcos
Guía mapa
Arena
Perfil
HulkHoden